[Event "*** Titled Tuesday Blitz"]
[Site "Chess.com"]
[Date "2020.05.12"]
[Round "10"]
[White "maciek_92"]
[Black "Lion-Al-Messi"]
[Result "1-0"]
[WhiteElo "2637"]
[BlackElo "2453"]
[TimeControl "180+1"]
[EndTime "11:53:56 PDT"]
[Termination "maciek_92 won on time"]

1. e4 e6 2. d4 d5 3. Nd2 c5 4.
Ngf3 cxd4 5. exd5 Qxd5 6. Bc4 Qd6 7. O-O Nf6 8. Nb3 Nc6 9. Nbxd4 Nxd4 10. Nxd4 Be7 11. c3 O-O 12. Qe2 a6 13. Rd1 Qc7 14. Bd3 b5 15. a4 b4 16. cxb4 Bxb4 17. Bg5 Nd5 18. Rac1 Qb6 19. Nc6 Bb7 20. a5 Bxa5 21. Bxh7+ Kxh7 22. Rxd5 Bxc6 23. Be3 Bxd5 24. Bxb6 Bxb6 25.
Rc3 Kg8 26. h4 Rac8 27. Qxa6 Rxc3 28. bxc3 Rb8 29. c4 Be4 30. Qa3 Bc7 31. f3 Bg3 32. Kf1 Rb1+ 33. Ke2 Re1+ 34. Kd2 Bf5 35. Qe7 Rg1 36.
Qe8+ Kh7 37. Qxf7 Rxg2+ 38. Ke3 Bf2+ 39. Kf4 Rg6 40. Qe7 Rf6 41. Ke5 Bxh4 42. c5 Bg3+ 43.
Kd4 Bf2+ 44. Kc4 e5 45. Qxe5 Be6+ 46. Kd3 Bf7 47. Ke2 Bh4 48. Qe4+ 1-0

[Event "*** Titled Tuesday Blitz"]
[Site "Chess.com"]
[Date "2020.05.12"]
[Round "10"]
[White "Shuvalov"]
[Black "GMStefanova"]
[Result "0-1"]
[WhiteElo "2447"]
[BlackElo "2632"]
[TimeControl "180+1"]
[EndTime "11:53:56 PDT"]
[Termination "GMStefanova won on time"]

1. Nf3 d5 2. c4 d4 3. b4 Bg4 4. Qb3 Bxf3 5. Qxf3 c6 6. e3 g6 7. Bb2 Bg7 8. Be2 Nh6 9. e4 O-O 10. d3 a5 11. b5 Nd7 12. O-O a4 13. Ba3 c5 14.
Qh3 f5 15. Bc1 f4 16. Nd2 g5 17. Bh5 Ne5 18. Be2 Qd6 19. Qh5 Qf6 20. h3 Nhf7 21. Nf3 Nxf3+ 22. Bxf3 Ne5 23. Rd1 Rad8 24. Ba3 b6 25.
Rd2 Rd6 26. Kf1 Rf7 27. Ke1 Bf8 28. Kd1 Qg7 29. h4 g4 30. Be2 f3 31. Bf1 Rh6 32.
Qg5 Rg6 33. Qh5 g3 34. fxg3 Rxg3 35. gxf3 Nxf3 36. Rf2 Rg1 37. Kc2 Qg3 0-1

[Event "*** Titled Tuesday Blitz"]
[Site "Chess.com"]
[Date "2020.05.12"]
[Round "10"]
[White "silverback96"]
[Black "kingofthenil"]
[Result "1/2-1/2"]
[WhiteElo "2276"]
[BlackElo "2466"]
[TimeControl "180+1"]
[EndTime "11:53:57 PDT"]
[Termination "Game drawn by repetition"]

1. Nf3 Nf6 2. g3 e6 3. Bg2 d5 4.
O-O Be7 5. c4 O-O 6. d4 c6 7.
Nbd2 b6 8. Qc2 c5 9. cxd5 exd5 10. Ne5 Bb7 11. Ndf3 Na6 12. Bf4 Rc8 13. a3 cxd4 14.
Qd1 Nc5 15. Nxd4 Ne6 16. Nxe6 fxe6 17. Bh3 Kh8 18. Bxe6 Bd6 19. Bxc8 Qxc8 20. Rc1 Qh3 21. Qd4 Bxe5 22. Bxe5 Ng4 23. Bxg7+ Kg8 24. Qxg4 Qxg4 25.
Bxf8 Kxf8 26. Rc7 Ba6 27. Rxa7 Qxe2 28. Rc1 d4 29. Rxh7 d3 30. Rcc7 Qe1+ 31. Kg2 Qe4+ 32. f3 Qe2+ 33. Kh3 Qe6+ 34. g4 Kg8 35. Rhe7 Qh6+ 36.
Kg3 Qf8 37. Red7 Qb8 38. h4 d2 39. Rg7+ Kh8 40. Rh7+ Kg8 41. Rg7+ Kh8 42. Rh7+ Kg8 43. Rg7+ 1/2-1/2

[Event "*** Titled Tuesday Blitz"]
[Site "Chess.com"]
[Date "2020.05.12"]
[Round "10"]
[White "GameOverBro"]
[Black "Stewie_89"]
[Result "1-0"]
[WhiteElo "2525"]
[BlackElo "2607"]
[TimeControl "180+1"]
[EndTime "11:53:58 PDT"]
[Termination "GameOverBro won by resignation"]

1. e4 Nf6 2. d3 d5 3. Nd2 dxe4 4. dxe4 e5 5. Ngf3 Nc6 6. c3 Bg4 7. Be2 Bc5 8. Qc2 a5 9. h3 Bh5 10. O-O O-O 11. Re1 Qe7 12. a4 Rfd8 13. Nc4 Bg6 14. Bf1 h6 15. Nh4 Bh7 16. Nf5 Bxf5 17. exf5 Nd5 18. g3 Qf6 19. Bg2 Nde7 20. Qe4 Nxf5 21.
Qg4 Rd3 22. Be3 Nxe3 23. Nxe3 Bxe3 24. fxe3 Rad8 25. Rf1 Qe7 26. Rf2 Rxe3 27. Raf1 Rf8 28. Bd5 Nd8 29. Kh2 c6 30. Bc4 Qg5 31. Qxg5 hxg5 32. Rd1 Re4 33. b3 g4 34. h4 Re3 35.
Rd7 Rf3 36. Re2 Re8 37. Re4 g6 38. Rxg4 Kg7 39. Re4 Rxc3 40. g4 b5 41. axb5 cxb5 42. Bxb5 Rxb3 43. Rd5 Nb7 44. Bxe8 a4 45. Rxa4 Rb2+ 46.
Kg1 Kf8 47. Bc6 Nc5 48. Rxc5 1-0

[Event "*** Titled Tuesday Blitz"]
[Site "Chess.com"]
[Date "2020.05.12"]
[Round "10"]
[White "Sethu0025"]
[Black "Nastya_Rakhmangulova"]
[Result "0-1"]
[WhiteElo "2689"]
[BlackElo "2323"]
[TimeControl "180+1"]
[EndTime "11:53:58 PDT"]
[Termination "Nastya_Rakhmangulova won by resignation"]

1. e4 d5 2. exd5 Qxd5 3. Nc3 Qd6 4. d4 Nf6 5. Nf3 Bg4 6. h3 Bh5 7. g4 Bg6 8. Ne5 Nbd7 9. Bf4 Nxe5 10. Bxe5 Qb6 11.
Bg2 O-O-O 12. O-O e6 13. Na4 Qa6 14. c4 Bd6 15. Qb3 Be4 16. Bxd6 Bxg2 17. Kxg2 Qxd6 18. Rad1 h5 19. g5 Ne4 20. f4 Qc6 21. Kh2 Nd6 22.
Nc5 b6 23. Nd3 Qxc4 24. Ne5 Qxb3 25. axb3 Kb7 26. d5 exd5 27. Rxd5 Rhe8 28. Rfd1 f6 29. gxf6 gxf6 30. Nf3 Re2+ 31. Kg3 Nf5+ 32. Rxf5 Rxd1 33. Rxf6 Rd3 34. Kh4 Rxf3 35. Kg5 Rxh3 36. f5 Rxb3 37. Kh6 Rexb2 38. Rf7 Rf2 39. f6 Rbf3 40. Kg7 Rxf6 41.
Rxf6 Rxf6 42. Kxf6 h4 0-1

[Event "*** Titled Tuesday Blitz"]
[Site "Chess.com"]
[Date "2020.05.12"]
[Round "10"]
[White "mshuaau0"]
[Black "dennisodessa"]
[Result "0-1"]
[WhiteElo "2180"]
[BlackElo "2326"]
[TimeControl "180+1"]
[EndTime "11:53:59 PDT"]
[Termination "dennisodessa won by checkmate"]

1. e4 e6 2. d4 d5 3. e5 c5 4. c3 Qa5 5. Nf3 cxd4 6. Nxd4 Nc6 7. Nxc6 bxc6 8. b4 Qc7 9. a3 Qxe5+ 10. Be3 a5 11. Be2 axb4 12. Bd4 Qg5 13. cxb4 Bxb4+ 14. axb4 Rxa1 15. Bxa1 Qxg2 16. Bf3 Qg5 17. Kf1 Nf6 18. Rg1 Qh6 19. Qd2 Qh3+ 20. Ke1 Qxf3 21. Rxg7 Qe4+ 22. Kf1 Qxb1+ 23. Qe1 Qxe1+ 24. Kxe1 Ke7 25. Rg3 Rd8 26. Rf3 d4 27. Kd2 e5 28. Ra3 Bf5 29.
f4 exf4 30. Ra7+ Rd7 31. Ra6 Be4 32. Ra5 Ke6 33. Rg5 f3 34. Rg1 Kd5 35. Rg5+ Ke6 36.
Rg1 d3 37. Rg5 Rd5 38. Rg1 Rf5 39. Rf1 Kd5 40. Ke3 Ng4+ 41. Kd2 f2 42. Bg7 Nxh2 43. b5 Nxf1+ 44. Kc3 cxb5 45. Bh6 Ng3 46. Bf4 Ne2+ 47. Kd2 Rxf4 48. Ke3 f1=Q 49. Kd2 Qc1# 0-1

[Event "*** Titled Tuesday Blitz"]
[Site "Chess.com"]
[Date "2020.05.12"]
[Round "10"]
[White "DvaHrasta"]
[Black "Too_Stupid_To_Play"]
[Result "0-1"]
[WhiteElo "2417"]
[BlackElo "2255"]
[TimeControl "180+1"]
[EndTime "11:53:59 PDT"]
[Termination "Too_Stupid_To_Play won on time"]

1. c4 b6 2. g3 Bb7 3. Nf3 g5 4. Bg2 g4 5. Nh4 Bxg2 6. Nxg2 h5 7. d4 Bg7 8. Nc3 Qc8 9. e4 Qb7 10. O-O Nc6 11. Be3 e5 12. d5 Nd4 13. Bxd4 exd4 14.
Nb5 O-O-O 15. Nxd4 c5 16. Nf5 Be5 17. Nf4 d6 18.
Nd3 Bf6 19. b4 Ne7 20. bxc5 Nxf5 21. exf5 Bxa1 22. Qxa1 bxc5 23. Rb1 Qa6 24. Rb5 h4 25. gxh4 Rxh4 26. Qf6 Rdh8 27. Qxf7 Rxh2 28. Qe6+ Kc7 29.
Rxc5+ Kb8 30. Rb5+ Ka8 31. Qd7 Rh1+ 32. Kg2 R8h2+ 33.
Kg3 Rh3+ 0-1

[Event "*** Titled Tuesday Blitz"]
[Site "Chess.com"]
[Date "2020.05.12"]
[Round "10"]
[White "VincentKeymer"]
[Black "LiemLe"]
[Result "0-1"]
[WhiteElo "2759"]
[BlackElo "2969"]
[TimeControl "180+1"]
[EndTime "11:54:00 PDT"]
[Termination "LiemLe won by resignation"]

1. Nf3 c5 2. c4 Nf6 3. Nc3 Nc6 4. g3 g6 5. Bg2 d6 6. O-O Bg7 7. d4 cxd4 8. Nxd4 Bd7 9. Nc2 h5 10.
Bg5 Qa5 11. Qd2 Rc8 12. Rad1 Ng4 13. Nd5 Qxd2 14. Rxd2 h4 15. b3 hxg3 16. hxg3 Rh5 17. Bf4 g5 18. f3 Nh2 19. Rfd1 gxf4 20. Nxf4 Rh6 21. e4 Ne5 22. Ne1 b5 23. cxb5 Bxb5 24.
g4 Rc3 25. Nh5 Rxh5 26. gxh5 Nhxf3+ 27. Nxf3 Nxf3+ 28. Bxf3 Rxf3 29. Rg2 Be5 30. Rg8+ Kd7 31. Rg5 Ke6 32. Kg2 Rf6 33. Rh1 Bc6 34. Rh4 Bf4 35.
Rgg4 Bxe4+ 36. Kg1 Be3+ 37. Kh2 Rf2+ 38. Kg3 Rg2+ 39.
Kh3 Rxg4 40. Kxg4 Bh6 41. Kg3 f5 42. Rh2 Ke5 43. Rc2 Bxc2 0-1

[Event "*** Titled Tuesday Blitz"]
[Site "Chess.com"]
[Date "2020.05.12"]
[Round "10"]
[White "Moon_stone123"]
[Black "mamey78"]
[Result "1-0"]
[WhiteElo "2505"]
[BlackElo "2373"]
[TimeControl "180+1"]
[EndTime "11:54:00 PDT"]
[Termination "Moon_stone123 won by resignation"]

1. e4 e5 2. Nf3 Nc6 3. Bb5 a6 4. Ba4 Nf6 5. O-O b5 6. Bb3 Be7 7. d4 d6 8. dxe5 Nxe5 9. Nxe5 dxe5 10. Qxd8+ Bxd8 11. Rd1 Bb7 12. f3 c5 13. c3 c4 14. Bc2 Bb6+ 15. Kf1 h5 16. b3 cxb3 17. axb3 h4 18. Na3 Rc8 19. Bd2 Nh5 20. c4 Bd4 21. Rab1 O-O 22. Bd3 bxc4 23. Nxc4 Rc7 24. Ba5 Rd7 25.
Bd2 h3 26. g3 f5 27. Bb4 fxe4 28. Bxf8 exd3 29. Bd6 Bxf3 30. Rxd3 Be4 31. Rbd1 Bxd3+ 32. Rxd3 Rf7+ 33. Ke1 Bf2+ 34. Ke2 Bg1 35. Bxe5 Bxh2 36. b4 Re7 37. Kf3 Rf7+ 38. Kg4 Nf6+ 39. Kxh3 Bg1 40. Kg2 Ba7 41. Rd8+ Kh7 42. Ra8 Ng4 43. Bf4 Rd7 44. Kf3 Nf6 45. Ne5 Rb7 46. g4 Nd5 47.
Bd2 Nxb4 48. Bxb4 Rxb4 49. Rxa7 1-0

[Event "*** Titled Tuesday Blitz"]
[Site "Chess.com"]
[Date "2020.05.12"]
[Round "10"]
[White "Quattroporte300"]
[Black "Shankovskyi"]
[Result "0-1"]
[WhiteElo "2328"]
[BlackElo "2536"]
[TimeControl "180+1"]
[EndTime "11:54:00 PDT"]
[Termination "Shankovskyi won by checkmate"]

1. e4 e5 2. Nf3 Nc6 3. Bb5 a6 4. Ba4 Nf6 5. O-O Be7 6. d3 b5 7.
Bb3 d6 8. c3 O-O 9. Re1 Bb7 10.
h3 Re8 11. Nbd2 Bf8 12. Nf1 g6 13. Bg5 h6 14. Bxf6 Qxf6 15. Ne3 Bg7 16. Qd2 Kh7 17. Nd5 Qd8 18. Rad1 Ne7 19. Ne3 f5 20. exf5 Nxf5 21. Bd5 c6 22. Bb3 d5 23. d4 e4 24. Nh2 Bc8 25.
Nhg4 Nh4 26. Nh2 Qg5 27. Kh1 Ra7 28. Bc2 Rf7 29. Rf1 Ref8 30. Neg4 Qe7 31. Qe2 h5 32.
Ne3 Qg5 33. Rde1 Bh6 34. a4 Qf6 35. axb5 axb5 36. Nd1 Qf5 37. Ne3 Qd7 38. Rg1 Rxf2 39. Qd1 Bxe3 40. Rxe3 Nf5 41. Re2 Ng3# 0-1

[Event "*** Titled Tuesday Blitz"]
[Site "Chess.com"]
[Date "2020.05.12"]
[Round "10"]
[White "RaunakSadhwani2005"]
[Black "Kezin_Roman"]
[Result "1-0"]
[WhiteElo "2848"]
[BlackElo "2802"]
[TimeControl "180+1"]
[EndTime "11:54:01 PDT"]
[Termination "RaunakSadhwani2005 won on time"]

1. e4 c5 2. Nc3 Nc6 3. Bb5 Nd4 4.
Nf3 Nxb5 5. Nxb5 a6 6. Nc3 d6 7. d4 cxd4 8. Nxd4 Nf6 9. Bg5 e6 10. Qd3 Be7 11. O-O-O O-O 12. f4 Qc7 13. g4 b5 14.
Bxf6 Bxf6 15. g5 Be7 16. h4 b4 17. Nce2 a5 18. f5 Ba6 19. Qf3 e5 20. f6 exd4 21.
Nxd4 Rfe8 22. h5 Bf8 23. g6 gxf6 24. g7 Bxg7 25. h6 Bh8 26. Nf5 Kf8 27. Rhg1 Rec8 28. Qg2 Ke8 29. Nxd6+ Ke7 30. Nf5+ Ke6 31. Nd4+ Ke7 32.
Nf5+ Ke6 33. Rd2 Qe5 34. Qh3 Rc6 35. Ng7+ Ke7 36. Qd7+ 1-0

[Event "*** Titled Tuesday Blitz"]
[Site "Chess.com"]
[Date "2020.05.12"]
[Round "10"]
[White "Fins0905"]
[Black "Fandorine"]
[Result "1-0"]
[WhiteElo "2632"]
[BlackElo "2830"]
[TimeControl "180+1"]
[EndTime "11:54:01 PDT"]
[Termination "Fins0905 won on time"]

1. d4 Nf6 2. Nf3 g6 3. Bg5 Bg7 4. Nbd2 d5 5. e3 O-O 6. Be2 c5 7. c3 Qb6 8. Qb3 Nc6 9. O-O Bf5 10. Rfd1 c4 11. Qa3 Rfe8 12. b3 cxb3 13. axb3 Ne4 14.
Nxe4 Bxe4 15. c4 e5 16. cxd5 Bxd5 17. dxe5 Qxb3 18. Qd6 Bxf3 19. Rab1 Qxb1 20. Rxb1 Bxe2 21. Rxb7 Nxe5 22. f4 h6 23. Bf6 Re6 24. Qd2 Rxf6 25. Qxe2 Nc6 26. g3 Re8 27. Qc2 Rxe3 28. Rc7 Ree6 29. Kg2 h5 30. Kh3 Bf8 31. Qb1 Re7 32. Rc8 Ree6 33. Qb7 Kg7 34. Qa8 Ne7 35. Rxf8 Rf5 36.
Rh8 Kf6 37. Qf8 Re4 38. Rh6 h4 39. Rh7 1-0

[Event "*** Titled Tuesday Blitz"]
[Site "Chess.com"]
[Date "2020.05.12"]
[Round "10"]
[White "levallem"]
[Black "GMKrikor"]
[Result "0-1"]
[WhiteElo "2173"]
[BlackElo "2781"]
[TimeControl "180+1"]
[EndTime "11:54:01 PDT"]
[Termination "GMKrikor won by resignation"]

1. d4 Nf6 2. c4 g6 3. Nf3 Bg7 4. Nc3 d5 5. cxd5 Nxd5 6. e4 Nxc3 7.
bxc3 c5 8. Be3 Qa5 9. Qd2 Nc6 10. Rd1 O-O 11. Bc4 Bg4 12. O-O Rad8 13. Bd5 Bxf3 14. gxf3 cxd4 15. cxd4 Rxd5 16. exd5 Qxd5 17. Kg2 Rd8 18.
Qe2 Bxd4 19. Rd2 e5 20. Rb1 Rd7 21. Bxd4 exd4 22. Rb5 Qd6 23. Rd3 Re7 24. Qd2 Qf6 25. Rd5 Ne5 26. Rd8+ Kg7 27. R3xd4 Nxf3 28. Qf4 Qxf4 29.
Rxf4 Ne5 30. Rb4 Nc6 31. Rb5 Nxd8 32. Rd5 Nc6 33. Rd3 Re5 34. a4 Ra5 35. Rb3 b6 36. Ra3 b5 37. Rc3 bxa4 38. Rxc6 a3 39. Rc2 a2 40.
Rxa2 Rxa2 41. h4 Ra4 42. h5 0-1

[Event "*** Titled Tuesday Blitz"]
[Site "Chess.com"]
[Date "2020.05.12"]
[Round "10"]
[White "S2PAc"]
[Black "MightyGMpretender"]
[Result "1-0"]
[WhiteElo "2774"]
[BlackElo "2592"]
[TimeControl "180+1"]
[EndTime "11:54:02 PDT"]
[Termination "S2PAc won by resignation"]

1. d4 Nf6 2. g3 d5 3. Nf3 e6 4. Bg2 b5 5. O-O Nbd7 6. a4 b4 7. c4 bxc3 8. Nxc3 Be7 9. Bf4 a6 10. Ne5 Bb7 11. Rc1 O-O 12. Nxd7 Qxd7 13. Bxc7 Qxc7 14.
Nxd5 Qd6 15. Nxf6+ Bxf6 16. Bxb7 Rab8 17. Bf3 Qxd4 18.
Qxd4 Bxd4 19. Rc6 a5 20. Ra6 Rxb2 21. Rxa5 f5 22. Rd1 e5 23. e3 e4 24. exd4 exf3 25.
d5 Rfb8 26. d6 Rd2 27. Ra1 g6 28. Rb5 Rd8 29. Rb6 Ra8 30. h4 Kf7 31. a5 Ke6 32. a6 Rxd6 33. Rxd6+ Kxd6 34. Kf1 Kc6 35. Ke1 Re8+ 36. Kd2 Kb6 37. a7 Kb7 38. a8=Q+ Rxa8 39. Rxa8 Kxa8 40. Ke3 Kb7 41. Kxf3 Kc6 42. Kf4 Kd6 43. Kg5 Ke6 44. Kh6 Kf7 45. Kxh7 Kf6 46. Kh6 Kf7 47. Kg5 Kg7 48. h5 gxh5 49. Kxf5 1-0

[Event "*** Titled Tuesday Blitz"]
[Site "Chess.com"]
[Date "2020.05.12"]
[Round "10"]
[White "tacticthunder"]
[Black "rpragchess"]
[Result "1-0"]
[WhiteElo "2634"]
[BlackElo "2858"]
[TimeControl "180+1"]
[EndTime "11:54:02 PDT"]
[Termination "tacticthunder won by checkmate"]

1. e4 c5 2. Nf3 e6 3. d4 cxd4 4. Nxd4 a6 5. c4 Nf6 6. Nc3 Qc7 7. a3 b6 8. Be2 Bb7 9. f3 d6 10. O-O Be7 11. Be3 O-O 12. Rc1 Nbd7 13. Qe1 Rac8 14. Qf2 Qb8 15. Rfd1 Bd8 16. b4 Bc7 17. g4 d5 18.
cxd5 exd5 19. g5 Nh5 20. Nxd5 Bxd5 21. exd5 Nf4 22. Bf1 Bd6 23. Nc6 Qb7 24. Bxf4 Bxf4 25. Ne7+ Kh8 26. Rxc8 Rxc8 27. Nxc8 Qxc8 28. Bh3 Qc3 29.
Qe1 Be3+ 30. Kh1 Qc2 31. Bxd7 g6 32. Bh3 Bf4 33. Bg2 Bd6 34. Qd2 Qf5 35. Qd4+ Be5 36. Qe3 Bf4 37. Qe4 Qxg5 38. d6 Qh4 39. Qd4+ Kg8 40. Qxf4 Qxf4 41. d7 h5 42. d8=Q+ Kh7 43. Qd4 Qf5 44. Qe4 Qf6 45. Re1 h4 46. Qe5 Qc6 47. f4 Qc4 48. f5 g5 49. f6 Kh6 50.
Qe4 Qc3 51. Rf1 h3 52. Bf3 Qxf6 53. Qg4 Qc3 54. Qh5+ Kg7 55. Qxg5+ Kf8 56. Qd8+ Kg7 57. Rg1+ Kh6 58. Qh4# 1-0

[Event "*** Titled Tuesday Blitz"]
[Site "Chess.com"]
[Date "2020.05.12"]
[Round "10"]
[White "CyberneticLion"]
[Black "GMaka"]
[Result "0-1"]
[WhiteElo "2516"]
[BlackElo "2378"]
[TimeControl "180+1"]
[EndTime "11:54:02 PDT"]
[Termination "GMaka won by checkmate"]

1. e4 c6 2. d4 d5 3. exd5 cxd5 4. c4 Nf6 5. Nc3 g6 6. cxd5 Bg7 7. Bc4 O-O 8. Nge2 Nbd7 9. Nf4 Nb6 10. Bb3 g5 11.
Nfe2 h6 12. h4 g4 13. Nf4 Bf5 14. Be3 Rc8 15. Rc1 a6 16. O-O Rc7 17. Qd2 h5 18. Na4 Nxa4 19. Rxc7 Qxc7 20. Bxa4 Qd6 21. Bb3 Be4 22. Rc1 Rd8 23. Qa5 Bxd5 24. Bxd5 Nxd5 25. Nxh5 g3 26. Nxg7 Kxg7 27. Qc5 gxf2+ 28. Bxf2 Qf4 29.
Re1 Rd6 30. Qc1 Qxc1 31. Rxc1 Nf4 32. Rd1 e5 33. Kf1 e4 34. b3 Nd5 35. Re1 f5 36. Bg3 Rc6 37. Be5+ Kg6 38. g4 fxg4 39. Rxe4 Kh5 40.
Re2 Kxh4 41. Rh2+ Kg5 42. Rh8 Rc1+ 43. Ke2 Rc2+ 44. Kd3 Rxa2 45. Rd8 Nf4+ 46. Ke4 Re2# 0-1

[Event "*** Titled Tuesday Blitz"]
[Site "Chess.com"]
[Date "2020.05.12"]
[Round "10"]
[White "GoValya"]
[Black "archess2"]
[Result "1-0"]
[WhiteElo "2186"]
[BlackElo "2291"]
[TimeControl "180+1"]
[EndTime "11:54:02 PDT"]
[Termination "GoValya won by checkmate"]

1. d4 d5 2. Nf3 Nf6 3. g3 c5 4.
Bg2 Nc6 5. O-O Bg4 6. Ne5 Be6 7. Nxc6 bxc6 8. c3 cxd4 9. cxd4 g6 10. Qc2 Qd7 11.
Nd2 Bg7 12. Nb3 O-O 13. Nc5 Qd6 14. Bf4 Qd8 15. Nxe6 fxe6 16. Qxc6 Qd7 17. Qxd7 Nxd7 18. Bh3 e5 19. Bxd7 exf4 20. Be6+ Kh8 21. Bxd5 Rad8 22. Bf3 fxg3 23. hxg3 Bxd4 24. Rab1 Rb8 25. b3 h5 26.
Kg2 Kg7 27. Rfd1 Be5 28. Rd7 Bd6 29. Rxa7 h4 30. gxh4 Rh8 31. Rh1 Rb4 32. h5 g5 33.
Bd5 Kf6 34. Bc4 g4 35. h6 Kg5 36. h7 Kg6 37. Bd3+ Kg7 38. Ra4 Rxa4 39. bxa4 e5 40. a5 Bc5 41. a6 Ra8 42. Rh4 Rf8 43. Rxg4+ Kh8 44. Ra4 Rxf2+ 45. Kg3 Rf8 46. a7 Ra8 47. Ra5 Bxa7 48. Kf3 Rf8+ 49. Ke4 Bd4 50. Kd5 Rd8+ 51.
Ke6 Re8+ 52. Kf7 Ra8 53. Rxa8# 1-0

[Event "*** Titled Tuesday Blitz"]
[Site "Chess.com"]
[Date "2020.05.12"]
[Round "10"]
[White "Xtrmntr78"]
[Black "larisakalinina"]
[Result "0-1"]
[WhiteElo "2337"]
[BlackElo "2013"]
[TimeControl "180+1"]
[EndTime "11:54:03 PDT"]
[Termination "larisakalinina won on time"]

1. c4 e5 2. Nc3 Nc6 3. Nf3 g6 4. g3 Bg7 5. Bg2 d6 6. Rb1 f5 7. O-O e4 8. Ne1 Nf6 9. d3 exd3 10. Nxd3 O-O 11. b4 Ne5 12. Nf4 Kh8 13. Qb3 c6 14.
Rd1 g5 15. Nd3 Qe7 16. Bxg5 Be6 17. Nxe5 dxe5 18. b5 Qc5 19. bxc6 bxc6 20. Qb4 Qxc4 21. Qxc4 Bxc4 22. Bxc6 Rac8 23. Bb7 Rc7 24. Bxf6 Bxf6 25. Nd5 Bxd5 26. Bxd5 Rc2 27. e3 Rd8 28. Bb3 Rxd1+ 29. Rxd1 Rb2 30. Rd6 Kg7 31. Rd7+ Kg6 32. Bg8 h5 33.
Bh7+ Kg5 34. Kg2 f4 35. exf4+ exf4 36. Rd5+ Kh6 37. Bg8 a5 38. Bf7 h4 39. gxh4 Kg7 0-1

[Event "*** Titled Tuesday Blitz"]
[Site "Chess.com"]
[Date "2020.05.12"]
[Round "10"]
[White "SlovenskiZmaj"]
[Black "PavlovDanila"]
[Result "0-1"]
[WhiteElo "2528"]
[BlackElo "2691"]
[TimeControl "180+1"]
[EndTime "11:54:04 PDT"]
[Termination "PavlovDanila won by resignation"]

1. e4 e6 2. Nc3 d5 3. d3 Nf6 4.
e5 Nfd7 5. f4 c5 6. Nf3 Nc6 7.
g3 a6 8. Bg2 b5 9. O-O Bb7 10. g4 Be7 11. Ne2 h5 12. g5 g6 13.
h4 O-O 14. Ng3 Kg7 15. c3 Qb6 16. Be3 d4 17. Bf2 Rad8 18. Qe2 Rfe8 19. Ne4 Qa5 20.
a3 Qa4 21. Rfb1 dxc3 22. bxc3 Nb6 23. Bxc5 Nd5 24. Qd2 Na5 25. Nf6 Bxc5+ 26. d4 Bb6 27. Nxe8+ Rxe8 28. Ra2 Rc8 29. Rb4 Nxb4 30. axb4 Qb3 31.
bxa5 Bd8 32. Rc2 Bxa5 33. Ne1 Bxg2 34. Nxg2 Rxc3 35. Rxc3 Qxc3 36. Qa2 Qxd4+ 37. Kh2 Qb6 38. Ne3 Qxe3 39. Qxa5 Qxf4+ 40. Kg2 Qg4+ 41. Kf1 Qf4+ 42. Kg2 Qxe5 43. Qxa6 Qe4+ 44. Kg1 Qg4+ 45. Kf1 Qxh4 46.
Qxb5 Qf4+ 47. Kg1 e5 48. Kh1 Qxg5 49. Qe2 h4 50. Qe4 h3 51. Qe2 Qg2+ 52. Qxg2 hxg2+ 53. Kxg2 f5 0-1

[Event "*** Titled Tuesday Blitz"]
[Site "Chess.com"]
[Date "2020.05.12"]
[Round "10"]
[White "FLamps8"]
[Black "gross-aleks"]
[Result "0-1"]
[WhiteElo "2579"]
[BlackElo "2505"]
[TimeControl "180+1"]
[EndTime "11:54:04 PDT"]
[Termination "gross-aleks won by resignation"]

1. d4 Nf6 2. Nc3 e6 3. Bf4 d5 4. e3 Bb4 5. Bd3 c5 6. dxc5 Nbd7 7. Ne2 O-O 8. a3 Bxc5 9. e4 Ng4 10. O-O d4 11.
Na4 e5 12. Nxc5 Nxc5 13. Bg3 Nxd3 14. Qxd3 f6 15. h3 Nh6 16. f4 Nf7 17. fxe5 fxe5 18. Qc4 Qe7 19. Rf2 Be6 20. Qb5 a6 21. Qb6 Rac8 22.
Nc1 Rc6 23. Qa5 Rfc8 24. Nd3 Rxc2 25. Rxc2 Rxc2 26. Nxe5 Qg5 27. Kh2 h5 28. h4 Qd2 29.
Qxd2 Rxd2 30. Nf3 Rxb2 31. Nxd4 Bg4 32. e5 Nd8 33. Rf1 Ne6 34. Nf5 Ra2 35. Ne7+ Kh7 36. Rf7 Rxa3 37. Nf5 b5 38. Nd6 Kg6 39. Rb7 Ra2 40.
Nc8 Bf3 41. Ne7+ Kh7 42. Nf5 Rxg2+ 43. Kh3 Bxb7 0-1

[Event "*** Titled Tuesday Blitz"]
[Site "Chess.com"]
[Date "2020.05.12"]
[Round "10"]
[White "Charlottemillard17"]
[Black "Chuchofrio1"]
[Result "0-1"]
[WhiteElo "1418"]
[BlackElo "2192"]
[TimeControl "180+1"]
[EndTime "11:54:04 PDT"]
[Termination "Chuchofrio1 won by checkmate"]

1. e4 e5 2. Nf3 Nc6 3. Bc4 Nf6 4. d3 Be7 5. Nc3 O-O 6. O-O d6 7. h3 Na5 8. Bb3 Nxb3 9. axb3 c5 10. Kh1 h6 11. Nh2 Be6 12. f4 exf4 13. Bxf4 d5 14. e5 Nh7 15. Ng4 a6 16. Qf3 Ng5 17. Qg3 Qd7 18.
Nxh6+ gxh6 19. h4 Kh7 20. hxg5 Bxg5 21. Bxg5 Rg8 22. Qh4 Rxg5 23. Rf6 Rg6 24. Raf1 Rag8 25. Qh5 R8g7 26. Ne2 Bg4 27. Qh4 Bxe2 28. R1f2 Qg4 29.
Qxg4 Bxg4 30. Rxf7 Re6 31. R7f4 Rxe5 32. c3 Be6 33. d4 cxd4 34. cxd4 Re4 35. Rxe4 dxe4 36.
Re2 Bd5 37. b4 b5 38. Re3 Rc7 39. Kh2 Rc4 40. Rb3 Rxd4 41. Re3 Rd3 42. Rxd3 exd3 43. b3 d2 44. g4 d1=N 45. g5 hxg5 46. Kg3 Kg6 47.
Kg4 Bxb3 48. Kg3 Ne3 49. Kf3 Nd5 50. Ke4 Nxb4 51. Ke5 Bc4 52. Kd4 a5 53. Kc5 g4 54.
Kd4 g3 55. Kc3 g2 56. Kb2 g1=B 57. Ka3 Bh2 58. Kb2 Bf4 59. Kc3 Be3 60. Kb2 Bd2 61.
Kb1 Bb3 62. Kb2 a4 63. Ka3 Kf6 64. Kb2 Ke6 65. Kb1 Kd5 66. Kb2 Kc5 67. Kb1 Kc4 68.
Kb2 Kc5 69. Kb1 Bc2+ 70. Kb2 Kc4 71. Ka3 Bc1# 0-1

[Event "*** Titled Tuesday Blitz"]
[Site "Chess.com"]
[Date "2020.05.12"]
[Round "10"]
[White "Anton_Demchenko"]
[Black "ChessTraining77"]
[Result "1-0"]
[WhiteElo "2807"]
[BlackElo "2544"]
[TimeControl "180+1"]
[EndTime "11:54:05 PDT"]
[Termination "Anton_Demchenko won by resignation"]

1. d4 Nf6 2. Nf3 d5 3. Bf4 c5 4. e3 Nc6 5. Nbd2 cxd4 6. exd4 Bf5 7. Bb5 e6 8. Ne5 a6 9. Bxc6+ bxc6 10. g4 Bg6 11. h4 h5 12. g5 Nd7 13. Nxg6 fxg6 14. Qe2 Kf7 15. O-O-O Bb4 16. c3 Ba5 17. Qf3 Kg8 18.
Rde1 Nf8 19. Qg3 Kh7 20. Bd6 Qd7 21. Re2 Qf7 22. Rhe1 Re8 23. Re3 Qf5 24. Rf3 Qg4 25. Rf7 e5 26. Bxe5 Ne6 27. Qxg4 hxg4 28. Ra7 Ra8 29.
Rxa8 Rxa8 30. Rg1 Rf8 31. Rg2 Nf4 32. Bxf4 Rxf4 33. Kd1 Bc7 34. Ke2 Kg8 35. Nf1 Re4+ 36. Ne3 g3 37. fxg3 Kf7 38. Kf3 Ke6 39. Re2 Bd6 40.
a4 c5 41. dxc5 Bxc5 42. Nxd5 Rxe2 43. Nf4+ Ke5 44. Nxe2 Kd5 45. b3 Ba3 46. Nf4+ Ke5 47. Nxg6+ 1-0

[Event "*** Titled Tuesday Blitz"]
[Site "Chess.com"]
[Date "2020.05.12"]
[Round "10"]
[White "krstulov_alex"]
[Black "Savva09022009"]
[Result "1-0"]
[WhiteElo "2545"]
[BlackElo "2402"]
[TimeControl "180+1"]
[EndTime "11:54:05 PDT"]
[Termination "krstulov_alex won on time"]

1. d4 Nf6 2. c4 e6 3. Nf3 d5 4. Nc3 c6 5. Bg5 Be7 6. e3 O-O 7. Bd3 Nbd7 8. O-O b6 9. cxd5 exd5 10. Rc1 Ne4 11. Bxe7 Qxe7 12. Qc2 f5 13. a3 Bb7 14. b4 Ndf6 15. Ne2 Rac8 16. Qb3 Rfd8 17. Rc2 Qd6 18. Ng3 Nxg3 19. hxg3 Ne4 20. Rfc1 h5 21.
Ne5 Ba8 22. Ba6 Rc7 23. Qd3 c5 24. Qe2 g6 25. bxc5 bxc5 26. dxc5 Qxe5 27. c6 Qd6 28.
Bb5 a6 29. Ba4 a5 30. Qa6 Rdc8 31. Qxa5 Bxc6 32. Qa6 Bxa4 33. Qxd6 Nxd6 34. Rxc7 Rxc7 35. Rxc7 Nc4 36. Ra7 Bc6 37. a4 Kf8 38. a5 Bb5 39. a6 Bc6 40. Rc7 Ne5 41. a7 Ke8 42. Rxc6 1-0

[Event "*** Titled Tuesday Blitz"]
[Site "Chess.com"]
[Date "2020.05.12"]
[Round "10"]
[White "ajdemipopushi"]
[Black "Andrii_Prydun"]
[Result "0-1"]
[WhiteElo "2236"]
[BlackElo "2431"]
[TimeControl "180+1"]
[EndTime "11:54:05 PDT"]
[Termination "Andrii_Prydun won on time"]

1. Nf3 Nf6 2. g3 d6 3. d4 Bg4 4. Bg2 Bxf3 5. Bxf3 c6 6. O-O g6 7. c4 Bg7 8. Nc3 O-O 9. b3 Nbd7 10. Bb2 a6 11. Qc2 Rc8 12. Rad1 b5 13. h4 bxc4 14.
bxc4 Nb6 15. c5 Nc4 16. Ba1 d5 17. e4 e6 18. e5 Ne8 19. Be2 f6 20. Bxc4 dxc4 21. f4 Nc7 22. Ne4 Qd5 23. Nd6 Rb8 24. Nxc4 Rb5 25. Nb6 Qd8 26. a4 Rb4 27. Bc3 Rxb6 28.
cxb6 Nd5 29. a5 g5 30. fxg5 fxe5 31. Rxf8+ Qxf8 32. Rf1 Qa3 33. Qf2 Qe7 34. Bb2 e4 35. Ba3 Qd7 36. Bc5 e3 37. Qf3 h6 38. g6 Bf6 39. Qh5 Kg7 40. Bf8+ Kxf8 41. Rxf6+ Nxf6 42.
Qxh6+ Kg8 43. Qg5 Qxd4 44. g7 e2+ 45. Kg2 e1=Q 0-1